 Dungeon Crawl Stone Soup version 0.28-a0-683-ga8797d1ae1 (webtiles) character file.

Game seed: 1102673348504974798

276 KoroneIsBestGirl the Covered (level 6, 0/51 HPs)
             Began as a Barachi Fighter on Oct 18, 2021.
             Was a Believer of Lugonu.
             Slain by Crazy Yiuf (4 damage)
             ... on level 2 of the Dungeon.
             The game lasted 00:02:47 (2402 turns).

KoroneIsBestGirl the Covered (Barachi Fighter)      Turns: 2402, Time: 00:02:48

Health: 0/51       AC:  7    Str: 18    XL:     6   Next: 25%
Magic:  6/6        EV: 13    Int:  8    God:    Lugonu [**....]
Gold:   107        SH: 10    Dex: 13    Spells: 5/5 levels left

rFire   . . .      SeeInvis .   a - +0 trident
rCold   . . .      Faith    .   c - +0 buckler
rNeg    . . .      Spirit   .   b - +0 scale mail
rPois   .          Reflect  +   (no helmet)
rElec   .          Harm     .   (no cloak)
rCorr   .          Rampage  .   (no gloves)
Will    .....                   (no boots)
Stlth   ..........              e - amulet of reflection
HPRegen 0.17/turn               h - +4 ring of evasion
MPRegen 0.10/turn               (no ring)

@: very slightly contaminated, invisible, slow
A: amphibious, slowness 1, strong legs 1, +LOS
a: Hop, Renounce Religion, Depart the Abyss, Bend Space


You were on level 2 of the Dungeon.
You worshipped Lugonu.
Lugonu was pleased with you.
You visited 1 branch of the dungeon, and saw 2 of its levels.

You collected 107 gold pieces.

Inventory:

Hand Weapons
 a - a +0 trident (weapon)
Armour
 b - a +0 scale mail (worn)
 c - a +0 buckler (worn)
Jewellery
 e - an amulet of reflection (around neck)
 h - a +4 ring of evasion (left hand)
Scrolls
 g - a scroll of noise {unknown}
 i - a scroll of teleportation {unknown}
 k - 2 scrolls of identify {unknown}
 n - a scroll of magic mapping {unknown}
Potions
 f - a potion of heal wounds {unknown}
 j - 2 potions of cancellation {unknown}
 l - 2 potions of degeneration {unknown}
 m - a potion of brilliance
 o - a potion of curing {unknown}


   Skills:
 + Level 5.1 Fighting
 + Level 3.5 Polearms
 + Level 5.1 Armour
 + Level 4.6 Shields


You had 5 spell levels left.
You didn't know any spells.
Your spell library contained the following spells:

 Spells                   Type           Power      Damage    Failure   Level
 Blink                    Tloc           N/A        N/A       88%         2
 Conjure Flame            Conj/Fire      0%         6-21      98%         3
 Ignite Poison            Fire/Tmut/Pois 0%         N/A       98%         3
 Sticky Flame             Conj/Fire      0%         2d3       100%        4
 Manifold Assault         Tloc           0%         N/A       100%        5
 Storm Form               Tmut/Air       0%         N/A       100%        7


Dungeon Overview and Level Annotations

Branches:
Dungeon (2/15)

Altars:
Lugonu

Annotations:
D:2 Crazy Yiuf


Innate Abilities, Weirdness & Mutations

You are amphibious.
You cover ground slowly.
You can hop short distances.
You have an extended range of vision and can be seen from far away.


Message History

You are too injured to fight recklessly!
You are too injured to fight recklessly!
You are too injured to fight recklessly!
You are too injured to fight recklessly!
You are too injured to fight recklessly!
You are too injured to fight recklessly!
You are too injured to fight recklessly!
You are too injured to fight recklessly!
You are too injured to fight recklessly!
You are too injured to fight recklessly!
You are too injured to fight recklessly!
You are too injured to fight recklessly!
You are too injured to fight recklessly!
You are too injured to fight recklessly!
You catch the helpless Crazy Yiuf completely off-guard!
You hit Crazy Yiuf but do no damage.
Crazy Yiuf is severely wounded.
You block Crazy Yiuf's attack.
You hit Crazy Yiuf but do no damage.
Crazy Yiuf is severely wounded.
You block Crazy Yiuf's attack.
You barely miss Crazy Yiuf.
Crazy Yiuf is severely wounded.
You block Crazy Yiuf's attack.
You hit Crazy Yiuf but do no damage.
Crazy Yiuf is severely wounded.
You block Crazy Yiuf's attack.
You hit Crazy Yiuf but do no damage.
Crazy Yiuf is severely wounded.
Crazy Yiuf barely misses you.
Crazy Yiuf hits you with a +2 quarterstaff of chaos.
You are electrocuted!
* * * LOW HITPOINT WARNING * * *
You hit Crazy Yiuf but do no damage.
Crazy Yiuf is severely wounded.
Crazy Yiuf says, "Fire infinity verde!"
Crazy Yiuf hits you with a +2 quarterstaff of chaos.
* * * LOW HITPOINT WARNING * * *
Space bends around you.
You die...

#.##.# #.# #.# #.##.#
#.# #.# #.##.# #.# #<#
#.#### ### ### #.#
######.######## ##
.......#))).#.### ###
#.
#######))))).#..##...#
#.
######..))))####@g...#
#. .......))))##
###..)# ##
#####.###### ### # #.#
### #.# #..
#####.###### ###
##########.#
...........# #.#
#...>......#
#######.#### #.#
##########.# #.# ##.##
#..


You could see Crazy Yiuf.

Vanquished Creatures
  Sigmund (D:2)
  Terence (D:2)
  4 adders (D:2)
  A worm (D:2)
  A dart slug (D:1)
  4 bats
  An endoplasm (D:2)
  A giant cockroach (D:2)
  2 hobgoblins
  5 kobolds (D:2)
  4 quokkas
  3 ball pythons
  3 frilled lizards
  9 goblins
  4 rats
44 creatures vanquished.

Notes
Turn   | Place    | Note
-------+----------+-------------------------------------------
     0 | D:1      | KoroneIsBestGirl the Barachi Fighter began the quest for
                  | the Orb.
     0 | D:1      | Reached XP level 1. HP: 18/18 MP: 1/1
   147 | D:1      | Reached XP level 2. HP: 25/25 MP: 2/2
   787 | D:2      | Found a faded altar of an unknown god.
   818 | D:2      | Reached XP level 3. HP: 26/30 MP: 3/3
   837 | D:2      | Prayed at the altar of an unknown god.
   837 | D:2      | Became a worshipper of Lugonu the Unformed
   837 | D:2      | Reached * piety under Lugonu
   837 | D:2      | Reached ** piety under Lugonu
  1047 | D:2      | Reached XP level 4. HP: 37/37 MP: 4/4
  1190 | D:2      | Noticed Terence
  1204 | D:2      | Killed Terence
  1542 | D:2      | Noticed Sigmund
  2225 | D:2      | Killed Sigmund
  2226 | D:2      | Reached skill level 5 in Fighting
  2226 | D:2      | Reached skill level 5 in Armour
  2226 | D:2      | Reached XP level 5. HP: 40/44 MP: 5/5
  2226 | D:2      | Reached XP level 6. HP: 47/51 MP: 6/6
  2264 | D:2      | Found a runed translucent door.
  2265 | D:2      | Noticed Crazy Yiuf
  2402 | D:2      | Slain by Crazy Yiuf

Illustrated notes

Levels and vault maps discovered:
D:1:      dpeg_arrival_pits, layout_basic
D:2:      layout_loops_ring, basic_ecumenical_altar, minmay_goblin_kobold_house,
          uniq_sigmund, uniq_crazy_yiuf_cottage, uniq_terence

Skill      XL: |  1  2  3  4 |
---------------+-------------+-----
Fighting       | 4 5 |  5.1
Armour         | 4 5 |  5.1
Shields        | 4 |  4.6
Polearms       | 3 |  3.5

Action                   |  1- 3 |  4- 6 || total
-------------------------+-------+-------++-------
Melee: Trident           |    82 |    72 ||   154
 Abil: Hop               |       |     1 ||     1
  Use: Potion            |       |     1 ||     1
 Stab: Invisible         |       |     1 ||     1
Armor: Scale mail        |    38 |     8 ||    46
Dodge: Dodged            |    44 |    17 ||    61
Block: Buckler           |    24 |    28 ||    52
       Reflection        |       |     4 ||     4

Table legend: (Time is in decaauts)
 A = Elapsed time spent in this place.
 B = Non-inter-level travel time spent in this place.
 C = Inter-level travel time spent in this place.
 D = Time resting spent in this place.
 E = Time spent auto-exploring this place.
 F = Levels seen in this place.
 G = Mean time per level.
                   A        B        C        D        E       F      G
               +--------+--------+--------+--------+--------+-----+--------+
         Total |   2708 |   2653 |     55 |    632 |   1640 |   2 | 1354.0 |
       Dungeon |   2708 |   2653 |     55 |    632 |   1640 |   2 | 1354.0 |
               +--------+--------+--------+--------+--------+-----+--------+

Top non-repeatable levels by time:
     D:1: 1561 daAuts
     D:2: 1146 daAuts
